 Dungeon Crawl Stone Soup version 0.20-a0-1122-gb7cbeb9 (webtiles) character file.

5444 nikopol the Cleaver (level 10, 0/96 HPs)
             Began as a Gargoyle Berserker on May 14, 2017.
             Was a High Priest of Trog.
             Slain by a two-headed ogre
             ... wielding a cursed -2 giant club
              (8 damage)
             ... on level 10 of the Dungeon.
             The game lasted 00:17:38 (9299 turns).

nikopol the Cleaver (Gargoyle Berserker)            Turns: 9299, Time: 00:17:38

Health: 0/96       AC: 17    Str: 27    XL:     10   Next: 68%
Magic:  10/10      EV: 13    Int:  7    God:    Trog [*****.]
Gold:   293        SH:  0    Dex: 12    Spells: 9/9 levels left

rFire    . . .     SeeInvis .   a - +4 war axe
rCold    + . .     Gourm    .   (no shield)
rNeg     + . .     Faith    .   G - +0 scale mail {rC+}
rPois    ∞         Spirit   .   (no helmet)
rElec    +         Reflect  .   o - +0 cloak
rCorr    .         Harm     .   (no gloves)
MR       .....                  l - +0 pair of boots
Stlth    ..........             (no amulet)
Regen    0.3/turn               (no ring)
MPRegen  0.2/turn               (no ring)

@: berserking, very quick
A: negative energy resistance 1, electricity resistance, unbreathing,
petrification resistance, rot immunity, AC +7
a: Berserk, Trog's Hand, Brothers in Arms, Burn Spellbooks, Renounce Religion


You were on level 10 of the Dungeon.
You worshipped Trog.
Trog was extremely pleased with you.
You were hungry.

You visited 1 branch of the dungeon, and saw 10 of its levels.

You collected 429 gold pieces.
You spent 136 gold pieces at shops.

Inventory:

Hand Weapons
 a - a +4 war axe (weapon)
 z - a +2 shortbow of flaming
 M - a +0 shortbow
Missiles
 j - 205 arrows (quivered)
Armour
 l - a +0 pair of boots (worn)
 o - a +0 cloak (worn)
 G - a +0 scale mail of cold resistance (worn)
Jewellery
 p - a cursed ring of loudness {unknown}
 t - an uncursed ring of magical power
 A - an uncursed amulet of the gourmand {unknown}
 E - a +2 ring of intelligence {unknown}
 L - an uncursed ring of flight {unknown}
 O - a +3 ring of intelligence {unknown}
 P - an uncursed amulet of magic regeneration {unknown}
Wands
 b - a wand of polymorph (19/24)
 n - a wand of flame (29/48)
 B - a wand of digging (14/24)
 H - a wand of lightning (8/15)
 I - a wand of flame (17/48)
 R - a wand of polymorph (9/24)
 S - a wand of polymorph (10/24)
 T - a wand of confusion (22/48)
Scrolls
 d - 10 scrolls of identify {unknown}
 e - 3 scrolls of teleportation
 h - a scroll of vulnerability {unknown}
 k - 10 scrolls of remove curse
 m - a scroll of recharging {unknown}
 q - 2 scrolls of fear {unknown}
 x - a scroll of noise {unknown}
 y - 2 scrolls of fog {unknown}
 F - 2 scrolls of magic mapping {unknown}
 J - a scroll of enchant armour {unknown}
 Q - 3 scrolls of amnesia {unknown}
Potions
 f - 4 potions of curing {unknown}
 g - 2 potions of might {unknown}
 r - a potion of cancellation {unknown}
 s - 2 potions of mutation {unknown}
 w - a potion of ambrosia {unknown}
 C - a potion of agility {unknown}
 K - 4 potions of haste {unknown}
 N - a potion of degeneration {unknown}
 W - 2 potions of lignification {unknown}
 X - 4 potions of heal wounds {unknown}
Comestibles
 c - 4 bread rations
 i - a fruit
 u - 4 meat rations
 v - a royal jelly
 D - 6 chunks of flesh


   Skills:
 + Level 8.2 Fighting
 * Level 8.5 Axes
 * Level 4.3 Bows
 + Level 7.8 Armour
 + Level 6.3 Dodging


You had 9 spell levels left.
You didn't know any spells.

Dungeon Overview and Level Annotations

Branches:
Dungeon (10/15)            Temple (0/1) D:5            Lair (0/6) D:10
    Orc: D:9-12

Altars:
Cheibriados
Hepliaklqana
Qazlal
Trog
Uskayaw
Yredelemnul

Shops:
D:6 (**[

Annotations:
D:7 Prince Ribbit


Innate Abilities, Weirdness & Mutations

You are resistant to torment.
Your stone body is resilient. (AC +7)
You are immune to poison.
You resist negative energy. (rN+)
You are resistant to electric shocks. (rElec)
You can survive without breathing.
You are immune to petrification.
You are immune to rotting.


Message History

The two-headed ogre is heavily wounded.
You hit the two-headed ogre.
The two-headed ogre is severely wounded.
The two-headed ogre hits you with a giant club!
The two-headed ogre closely misses you.
Some of the chunks of flesh in your inventory have rotted away.
You are too injured to fight recklessly!
You are too injured to fight recklessly!
A red film seems to cover your vision as you go berserk!
You feel yourself moving faster!
You feel mighty!
You are feeling hungry.
The two-headed ogre hits you with a giant club!
The two-headed ogre hits you with a giant spiked club!
* * * LOW HITPOINT WARNING * * *
You slice the two-headed ogre!!
The two-headed ogre is almost dead.
The two-headed ogre hits you with a giant club!
* * * LOW HITPOINT WARNING * * *
The two-headed ogre hits you with a giant spiked club!
You die...

....# #.........##........#..
#...# .########..#.........#..
#...# ....... #..#......#'##..
#...# ....... #..#......#.....
#...### ..(.... #..####...#.....
......# ....y##.....#...#.....
......+ .yy#......#...#.....
##....# ##O#......#...#.....
#....# #..@......#+###.....
#....# #...........).......
#....########...........)[......
#...............................
#.....................#####.....
#.....................# #.....
#............<........# #.....
####..................# #.....
#####..............# #.....


You could see a two-headed ogre and 3 killer bees.

Vanquished Creatures
  2 two-headed ogres
  A troll (D:10)
  Eustachio (D:4)
  A hungry ghost (D:8)
  5 orc warriors
  Duvessa (D:4)
  2 ice beasts (D:9)
  A black bear (D:9)
  2 phantoms
  An eye of draining (D:10)
  3 ogres
  5 centaurs
  4 big kobolds
  2 bullfrogs (D:6)
  Dowan (D:4)
  2 scorpions
  A wyvern skeleton (D:6)
  2 killer bees (D:10)
  3 crimson imps
  A centaur zombie (D:10)
  A bullfrog zombie (D:8)
  3 hounds
  3 jellies
  6 orc wizards
  2 orc priests
  Crazy Yiuf (D:2)
  2 iguanas (D:6)
  6 worker ants
  A killer bee zombie (D:10)
  A hound zombie (D:7)
  A howler monkey zombie (D:8)
  Robin (D:3)
  7 gnolls
  A worker ant zombie (D:8)
  8 adders
  A shadow imp (D:8)
  An ooze (D:7)
  3 adder skeletons
  3 worms
  2 dart slugs
  8 leopard geckos
  28 orcs
  9 bats
  5 giant cockroaches
  14 goblins
  5 hobgoblins
  4 jackals (D:1)
  30 kobolds
  8 quokkas
  A ball python (D:6)
  8 frilled lizards
  A jackal zombie (D:7)
  6 rats
222 creatures vanquished.

Notes
Turn   | Place    | Note
-------+----------+-------------------------------------------
     0 | D:1      | nikopol the Gargoyle Berserker began the quest for the Orb.
     0 | D:1      | Reached XP level 1. HP: 14/14 MP: 1/1
    32 | D:1      | Reached XP level 2. HP: 11/19 MP: 2/2
   406 | D:1      | Reached XP level 3. HP: 23/24 MP: 3/3
   409 | D:1      | Reached ** piety under Trog
   865 | D:2      | Found a runed door.
   899 | D:2      | Noticed Crazy Yiuf
   904 | D:2      | Killed Crazy Yiuf
   904 | D:2      | Reached XP level 4. HP: 29/29 MP: 4/4
  1408 | D:2      | Found a bloodstained altar of Trog.
  1774 | D:3      | Reached XP level 5. HP: 20/33 MP: 5/5
  2011 | D:3      | Noticed Robin
  2027 | D:3      | Killed Robin
  2289 | D:3      | Reached *** piety under Trog
  2474 | D:4      | Reached XP level 6. HP: 14/39 MP: 6/6
  2871 | D:4      | Noticed Duvessa
  2873 | D:4      | Noticed Dowan
  2899 | D:4      | Killed Duvessa
  2910 | D:4      | Killed Dowan
  2910 | D:4      | Reached XP level 7. HP: 27/44 MP: 7/7
  3096 | D:4      | Found a hazy altar of Hepliaklqana.
  3252 | D:4      | Noticed Eustachio
  3283 | D:4      | Killed Eustachio
  3283 | D:4      | Reached skill level 5 in Fighting
  3429 | D:5      | Entered Level 5 of the Dungeon
  3795 | D:5      | HP: 3/66 [orc warrior/flail (14)]
  3796 | D:5      | Reached skill level 5 in Armour
  3796 | D:5      | Reached XP level 8. HP: 4/50 MP: 8/8
  4201 | D:5      | Reached **** piety under Trog
  4379 | D:5      | Found a staircase to the Ecumenical Temple.
  4412 | D:6      | Reached skill level 5 in Axes
  5028 | D:6      | Found Naj Uciun's Antique Weapon Boutique.
  5036 | D:6      | Bought a glowing war axe for 136 gold pieces
  5193 | D:6      | Found Zonaeca's General Store.
  5204 | D:6      | Found Amiez's Armour Emporium.
  5209 | D:6      | Found Xintebla's Assorted Antiques.
  5249 | D:6      | Reached skill level 5 in Dodging
  5903 | D:7      | Reached XP level 9. HP: 53/56 MP: 9/9
  6237 | D:7      | Noticed Prince Ribbit
  6786 | D:8      | Reached ***** piety under Trog
  6871 | D:8      | Found a basalt altar of Yredelemnul.
  6874 | D:8      | Found a snail-covered altar of Cheibriados.
  6876 | D:8      | Found a bloodstained altar of Trog.
  6877 | D:8      | Found a stormy altar of Qazlal.
  6880 | D:8      | Found a hide-covered altar of Uskayaw.
  7848 | D:9      | Reached skill level 1 in Bows
  7910 | D:9      | Noticed a two-headed ogre
  7924 | D:9      | Killed a two-headed ogre
  7924 | D:9      | Reached XP level 10. HP: 56/64 MP: 10/10
  8556 | D:10     | Entered Level 10 of the Dungeon
  8589 | D:10     | Found a staircase to the Lair.
  8651 | D:10     | Noticed a two-headed ogre
  8663 | D:10     | Killed a two-headed ogre
  9282 | D:10     | Noticed a two-headed ogre
  9299 | D:10     | Slain by a two-headed ogre

Vault maps used:
D:1:      lemuel_arrival_cross
D:2:      trog_book, uniq_crazy_yiuf_cottage
D:3:      uniq_robin
D:4:      overflow_temple_1_default, first_bread, uniq_eustachio, uniq_duvessa
D:5:      minmay_temple_entry_butterflies, grunt_decor_arrowhead,
          grunt_ministairs_8, corexii_checkpoint_a, guppyfry_early_orc_mine
D:6:      serial_shops, shop_fountains, shop, kennysheep_mini, shop,
          hangedman_decor_lopped, kennysheep_minor_cross
D:7:      uniq_prince_ribbit1
D:8:      minitemple
D:10:     lair_entry_dummy, hangedman_ranch, kennysheep_decorative_pillar

Skill      XL: |  1  2  3  4  5  6  7  8  9 10 |
---------------+-------------------------------+-----
Dodging        | 2 3 4 5 6 |  6.3
Axes           | 3 4 6 7 8 |  8.5
Armour         | 3 4 5 6 7 |  7.8
Fighting       | 4 5 6 7 8 |  8.2
Bows           | 2 4 |  4.3

Action                   |  1- 3 |  4- 6 |  7- 9 | 10-12 || total
-------------------------+-------+-------+-------+-------++-------
Melee: Hand axe          |   140 |   214 |   208 |       ||   562
       War axe           |       |       |   183 |    75 ||   258
 Fire: Shortbow          |       |       |    25 |    69 ||    94
Invok: Berserk           |     1 |       |     5 |     3 ||     9
       Burn Spellbooks   |       |       |     3 |       ||     3
  Use: Scroll            |       |     2 |       |       ||     2
  Eat: Chunk             |       |     8 |    20 |     7 ||    35
Armor: Animal skin       |    19 |       |       |       ||    19
       Ring mail         |    38 |   106 |    34 |       ||   178
       Scale mail        |       |       |   151 |    53 ||   204
Dodge: Dodged            |    80 |   121 |   231 |    76 ||   508
